 Dungeon Crawl Stone Soup version 0.27-a0-1217-g8a41f320e8 (webtiles) character file.

Game seed: 13430004262533027385

42 Glokmah the Stinger (level 3, -5/14 (25) HPs)
             Began as a Gnoll Venom Mage on June 6, 2021.
             Slain by a gnoll
             ... wielding a +2 flail of protection
              (10 damage)
             ... on level 2 of the Dungeon.
             The game lasted 00:02:05 (1515 turns).

Glokmah the Stinger (Gnoll Venom Mage)              Turns: 1515, Time: 00:02:06

HP:   -5/14 (25)    AC:  2    Str:  8    XL:     3   Next: 56%
MP:   1/9           EV: 13    Int: 14    God:
Gold: 32            SH:  0    Dex: 12    Spells: 9/12 levels left

rFire    . . .     SeeInvis .   f - +0 dagger (drain)
rCold    . . .     Faith    .   (no shield)
rNeg     . . .     Spirit   .   a - +0 robe
rPois    .         Reflect  .   (no helmet)
rElec    .         Harm     .   (no cloak)
rCorr    .         Rampage  .   (no gloves)
Will     .....                  (no boots)
Stlth    ++........             (no amulet)
HPRegen  0.04/turn              (no ring)
MPRegen  0.11/turn              (no ring)

@: very heavily drained
A: fangs 1, strong nose, distributed training
a: no special abilities


You were on level 2 of the Dungeon.
You visited 1 branch of the dungeon, and saw 2 of its levels.

You collected 32 gold pieces.

Inventory:

Hand Weapons
 b - a +0 short sword
 f - a +0 dagger of draining (weapon)
Missiles
 e - 14 poisoned darts
Armour
 a - a +0 robe (worn)
Scrolls
 d - a scroll of amnesia {unknown}
 g - a scroll of enchant armour {unknown}
 h - 3 scrolls of blinking {unknown}
 i - a scroll of identify {unknown}
Potions
 c - a potion of heal wounds {unknown}


   Skills:
 + Level 0.8 Fighting
 + Level 0.8 Short Blades
 + Level 0.8 Long Blades
 + Level 0.8 Axes
 + Level 0.8 Maces & Flails
 + Level 0.8 Polearms
 + Level 0.8 Staves
 + Level 0.8 Slings
 + Level 0.8 Bows
 + Level 0.8 Crossbows
 + Level 0.8 Throwing
 + Level 0.8 Armour
 + Level 4.5 Dodging
 + Level 4.1 Stealth
 + Level 0.8 Shields
 + Level 0.8 Unarmed Combat
 + Level 5.0 Spellcasting
 + Level 0.5 Conjurations
 + Level 0.5 Hexes
 + Level 0.5 Summonings
 + Level 0.5 Necromancy
 + Level 0.5 Translocations
 + Level 2.1 Transmutations
 + Level 0.5 Fire Magic
 + Level 0.5 Ice Magic
 + Level 0.5 Air Magic
 + Level 0.5 Earth Magic
 + Level 5.4 Poison Magic
 + Level 1.0 Invocations
 + Level 0.8 Evocations


You had 9 spell levels left.
You knew the following spells:

 Your Spells              Type           Power      Damage    Failure   Level
a - Sting                 Tmut/Pois      56%        1d5       3%          1
b - Poisonous Vapours     Pois/Air       22%        N/A       8%          2

Your spell library contained the following spells:

 Spells                   Type           Power      Damage    Failure   Level
 Ignite Poison            Fire/Tmut/Pois 11%        N/A       17%         3
 Olgreb's Toxic Radiance  Pois           18%        N/A       19%         4
 Mephitic Cloud           Conj/Pois/Air  9%         N/A       22%         3
 Irradiate                Conj/Tmut      3%         3d14      95%         5
 Fireball                 Conj/Fire      2%         3d4       98%         5
 Statue Form              Tmut/Erth      4%         N/A       100%        6


Dungeon Overview and Level Annotations

Branches:
Dungeon (2/15)

Altars:


Innate Abilities, Weirdness & Mutations

You have very sharp teeth.
Your uncanny sense of smell can sniff out nearby items.
Your experience applies equally to all skills.


Message History

Aiming: Poisonous Vapours (safe; 8% risk of failure)
Press: ? - help, Dir - move target, f/p - gnoll
Aim: a gnoll, wielding a +0 halberd (moderately wounded, very poisoned) Poisonous vapours surround the gnoll!
The gnoll shouts!
The gnoll is engulfed in poison gas.
The gnoll looks even sicker.
You feel a bit more experienced.
Your Invocations skill increases to level 1!
Casting: Poisonous Vapours (safe; 8% risk of failure)
Confirm with . or Enter, or press ? or * to list all spells.
Aiming: Poisonous Vapours (safe; 8% risk of failure)
Press: ? - help, Dir - move target, f - gnoll
Aim: a gnoll, wielding a +2 flail of protection Poisonous vapours surround the gnoll!
The gnoll is engulfed in poison gas.
The gnoll is poisoned.
Casting: Poisonous Vapours (safe; 8% risk of failure)
Confirm with . or Enter, or press ? or * to list all spells.
Aiming: Poisonous Vapours (safe; 8% risk of failure)
Press: ? - help, Dir - move target, f/p - gnoll
Aim: a gnoll, wielding a +2 flail of protection (moderately wounded, poisoned)
You miscast Poisonous Vapours.
You are very lightly contaminated with residual magic.
Nothing appears to happen.
You barely miss the gnoll.
The gnoll is severely wounded.
The gnoll looks more healthy.
The gnoll hits you with a +2 flail of protection!
Ouch! That really hurt!
Your magical contamination has completely faded away.
You closely miss the gnoll. You bite the gnoll, but do no damage.
The gnoll is almost dead.
The gnoll misses you.
You hit the gnoll but do no damage.
The gnoll is almost dead.
The gnoll misses you.
You hit the gnoll but do no damage. Your bite misses the gnoll.
The gnoll is almost dead.
The gnoll hits you with a +2 flail of protection!
Ouch! That really hurt!
You die...

#.######## #.#
#.# #.#
#.#########
#.#........
#.#........
#g#........
#@#........
######.#........
#...##.#........
#...#.<.........
#...#..#........
#......#........
#......#########
#...#..#########
#...#...........


You could see a gnoll.

Vanquished Creatures
  A gnoll (D:2)
  2 ball pythons
  2 bats (D:1)
  3 endoplasms (D:1)
  6 goblins
  7 kobolds
  2 quokkas (D:1)
  3 frilled lizards (D:1)
  3 rats (D:1)
29 creatures vanquished.

Notes
Turn   | Place    | Note
-------+----------+-------------------------------------------
     0 | D:1      | Glokmah the Gnoll Venom Mage began the quest for the Orb.
     0 | D:1      | Reached XP level 1. HP: 13/13 MP: 6/6
    75 | D:1      | Reached XP level 2. HP: 16/19 MP: 1/7
    80 | D:1      | Learned a level 2 spell: Poisonous Vapours
   513 | D:1      | Found a faded altar of an unknown god.
   691 | D:1      | Reached XP level 3. HP: 16/25 MP: 9/9
   839 | D:1      | Reached skill level 5 in Spellcasting
  1427 | D:2      | Identified the Compendium of Transmigration and Fire
  1500 | D:2      | Reached skill level 1 in Invocations
  1515 | D:2      | Slain by a gnoll

Illustrated notes

Levels and vault maps discovered:
D:1:      scummos_arrival_simple_fountains, layout_loops_ring,
          shapermc_ecumenical_altar_starsandcircs
D:2:      layout_rooms

Skill      XL: |  1  2  3 |
---------------+----------+-----
Transmutations | 2 |  2.1
Spellcasting   | 5 |  5.0
Invocations    | 1 |  1.0
Fighting       | |  0.8
Short Blades   | |  0.8
Long Blades    | |  0.8
Axes           | |  0.8
Maces & Flails | |  0.8
Polearms       | |  0.8
Staves         | |  0.8
Slings         | |  0.8
Bows           | |  0.8
Crossbows      | |  0.8
Throwing       | |  0.8
Armour         | |  0.8
Dodging        | |  4.5
Stealth        | |  4.1
Shields        | |  0.8
Unarmed Combat | |  0.8
Conjurations   | |  0.5
Hexes          | |  0.5
Summonings     | |  0.5
Necromancy     | |  0.5
Translocations | |  0.5
Fire Magic     | |  0.5
Ice Magic      | |  0.5
Air Magic      | |  0.5
Earth Magic    | |  0.5
Poison Magic   | |  5.4
Evocations     | |  0.8

Action                   || total
-------------------------++-------
Melee: Short sword       ||    40
       Dagger            ||    10
       Bite              ||     3
 Cast: Sting             ||    16
       Poisonous Vapours ||    13
 Stab: Sleeping          ||     1
Armor: Robe              ||     9
Dodge: Dodged            ||    27

Table legend: (Time is in decaauts)
 A = Elapsed time spent in this place.
 B = Non-inter-level travel time spent in this place.
 C = Inter-level travel time spent in this place.
 D = Time resting spent in this place.
 E = Time spent auto-exploring this place.
 F = Levels seen in this place.
 G = Mean time per level.
                   A        B        C        D        E       F      G
               +--------+--------+--------+--------+--------+-----+--------+
         Total |   1518 |   1412 |    106 |    186 |    973 |   2 |  759.0 |
       Dungeon |   1518 |   1412 |    106 |    186 |    973 |   2 |  759.0 |
               +--------+--------+--------+--------+--------+-----+--------+

Top non-repeatable levels by time:
     D:1: 1177 daAuts
     D:2: 341 daAuts
